| TOP OF THE 1ST |
|
Erie SeaWolves batting - Pitching for Portland Sea Dogs : RHP Chris Cory
|
|
Pitching: RHP Chris Cory
|
|
|
Batting: RHB Eric Angelle
|
0-0: Foul Ball, location: 2F 0-1: Foul Ball, location: 2F 0-2: Foul Ball, location: 2F 0-2: Fly out, F8 (Flyball, 8RM, EV 96.9 MPH)
|
|
Batting: RHB Tony Soto
|
0-0: Ball 1-0: Ball 2-0: Called Strike 2-1: Ball 3-1: Foul Ball, location: 2F 3-2: SINGLE (Groundball, 34D, EV 111.9 MPH)
|
|
Batting: RHB John Evancho
|
0-0: Called Strike 0-1: Ball 1-1: Ball Balk! Tony Soto to second 2-1: Foul Ball, location: 2F 2-2: Ball 3-2: Ground out U3 (Groundball, 3, EV 80.6 MPH) Tony Soto to third
|
|
Batting: RHB Adam MacConnell
|
0-0: Foul Ball, location: 2F 0-1: SINGLE (Line Drive, 4D, EV 99.4 MPH) Tony Soto scores
|
|
Batting: LHB Nick Nino
|
0-0: Ball 1-0: SINGLE (Groundball, 6MD, EV 100.0 MPH) Adam MacConnell to second Runner from 2nd tries for 3rd, OUT! 8-5
|
| Top of the 1st over - 1 run, 3 hits, 0 errors, 1 left on base; Erie 1 - Portland 0 |
| BOTTOM OF THE 1ST |
|
Portland Sea Dogs batting - Pitching for Erie SeaWolves : RHP Alex Garrett
|
|
Pitching: RHP Alex Garrett
|
|
|
Batting: LHB Dave Reyes
|
0-0: Ground out 1-3 (Groundball, 13, EV 64.4 MPH)
|
|
Batting: LHB Sergio Tinoco
|
0-0: Ground out 1-3 (Groundball, 34S, EV 68.1 MPH)
|
|
Batting: RHB Dave Burwell
|
0-0: Ground out 6-3 (Groundball, 6, EV 89.4 MPH)
|
| Bottom of the 1st over - 0 runs, 0 hits, 0 errors, 0 left on base; Erie 1 - Portland 0 |
| TOP OF THE 2ND |
|
Erie SeaWolves batting - Pitching for Portland Sea Dogs : RHP Chris Cory
|
|
Batting: RHB Tanner Purchase
|
0-0: Ball 1-0: Foul Ball, location: 2F 1-1: Ball 2-1: Ground out 6-3 (Groundball, 6, EV 76.2 MPH)
|
|
Batting: RHB Jose Evangelista
|
0-0: Called Strike 0-1: Called Strike 0-2: Strikes out swinging
|
|
Batting: RHB Willie Ochoa
|
0-0: Ball 1-0: Called Strike 1-1: Ball 2-1: Swinging Strike 2-2: Ground out 6-3 (Groundball, 6, EV 102.5 MPH)
|
| Top of the 2nd over - 0 runs, 0 hits, 0 errors, 0 left on base; Erie 1 - Portland 0 |
| BOTTOM OF THE 2ND |
|
Portland Sea Dogs batting - Pitching for Erie SeaWolves : RHP Alex Garrett
|
|
Batting: LHB David Moore
|
0-0: Called Strike 0-1: SINGLE (Groundball, 4D, EV 103.1 MPH)
|
|
Batting: RHB Travis Campbell
|
0-0: Ball 1-0: Ball 2-0: Called Strike 2-1: Called Strike 2-2: Foul Ball, location: 2F 2-2: Ball 3-2: Base on Balls David Moore to second
|
|
Batting: RHB Alex Melendez
|
0-0: Fielders Choice at 2nd, 5-4 (Groundball, 5S, EV 84.4 MPH) David Moore to third
|
|
Batting: RHB Miguel Villanueva
|
0-0: Ball 1-0: Swinging Strike 1-1: Called Strike 1-2: Ball 2-2: Ball 3-2: Strikes out swinging
|
|
Batting: SHB Gus Cruz
|
0-0: Foul Ball, location: 2F 0-1: Ball 1-1: Ball 2-1: Called Strike 2-2: Strikes out swinging
|
| Bottom of the 2nd over - 0 runs, 1 hit, 0 errors, 2 left on base; Erie 1 - Portland 0 |
| TOP OF THE 3RD |
|
Erie SeaWolves batting - Pitching for Portland Sea Dogs : RHP Chris Cory
|
|
Batting: RHB Mike Sebastian
|
0-0: Ball 1-0: Ball 2-0: Ball 3-0: Base on Balls
|
|
Batting: RHB Eric Angelle
|
0-0: Ball 1-0: Called Strike 1-1: Swinging Strike 1-2: Fly out, F4 (Line Drive, 4M, EV 67.5 MPH)
|
|
Batting: RHB Tony Soto
|
0-0: Ball 1-0: Swinging Strike 1-1: Ball 2-1: Foul Ball, location: 2F 2-2: Foul Ball, location: 2F 2-2: Ball Mike Sebastian is caught stealing 2nd base 2-4 3-2: Strikes out looking
|
| Top of the 3rd over - 0 runs, 0 hits, 0 errors, 0 left on base; Erie 1 - Portland 0 |
| BOTTOM OF THE 3RD |
|
Portland Sea Dogs batting - Pitching for Erie SeaWolves : RHP Alex Garrett
|
|
Batting: RHB Frank Sokolosky
|
0-0: Foul Ball, location: 2F 0-1: Called Strike 0-2: Ball 1-2: Reached on error, E4 (Groundball, 4, EV 103.1 MPH)
|
|
Batting: LHB Dave Reyes
|
0-0: Ball 1-0: Foul Ball, location: 2F 1-1: Foul Ball, location: 2F 1-2: Ball Frank Sokolosky is caught stealing 2nd base 2-6 2-2: Foul Ball, location: 2F 2-2: Foul Ball, location: 2F 2-2: SINGLE (Line Drive, 34D, EV 97.5 MPH)
|
|
Batting: LHB Sergio Tinoco
|
0-0: Ball Dave Reyes is caught stealing 2nd base 2-6 1-0: Ball 2-0: Fly out, F3 (Popup, 3F, EV 60.6 MPH)
|
| Bottom of the 3rd over - 0 runs, 1 hit, 1 error, 0 left on base; Erie 1 - Portland 0 |
| TOP OF THE 4TH |
|
Erie SeaWolves batting - Pitching for Portland Sea Dogs : RHP Chris Cory
|
|
Batting: RHB John Evancho
|
0-0: Ball 1-0: Ball 2-0: Ball 3-0: Called Strike 3-1: Fly out, F6 (Line Drive, 56, EV 68.1 MPH)
|
|
Batting: RHB Adam MacConnell
|
0-0: Ball 1-0: Foul Ball, location: 2F 1-1: Reached on error, E5 (Groundball, 5L, EV 91.2 MPH)
|
|
Batting: LHB Nick Nino
|
0-0: Ball 1-0: Called Strike 1-1: Ball 2-1: Ground out 4-3 (Groundball, 4MS, EV 64.4 MPH) Adam MacConnell to second
|
|
Batting: RHB Tanner Purchase
|
0-0: Ball 1-0: Ball 2-0: Swinging Strike 2-1: Foul Ball, location: 2F 2-2: Foul Ball, location: 2F 2-2: Foul Ball, location: 2F 2-2: Strikes out looking
|
| Top of the 4th over - 0 runs, 0 hits, 1 error, 1 left on base; Erie 1 - Portland 0 |
| BOTTOM OF THE 4TH |
|
Portland Sea Dogs batting - Pitching for Erie SeaWolves : RHP Alex Garrett
|
|
Batting: RHB Dave Burwell
|
0-0: Called Strike 0-1: Ball 1-1: Fly out, F7 (Flyball, 78M, EV 94.4 MPH)
|
|
Batting: LHB David Moore
|
0-0: Called Strike 0-1: Ball 1-1: Ball 2-1: DOUBLE (Line Drive, 5D, EV 102.5 MPH)
|
|
Batting: RHB Travis Campbell
|
0-0: Called Strike 0-1: Ball 1-1: Ball 2-1: Ball 3-1: Ground out 4-3 (Groundball, 4M, EV 101.9 MPH) David Moore to third
|
|
Batting: RHB Alex Melendez
|
0-0: Ball 1-0: Called Strike 1-1: Ball 2-1: Ground out 6-3 (Groundball, 6, EV 83.8 MPH)
|
| Bottom of the 4th over - 0 runs, 1 hit, 0 errors, 1 left on base; Erie 1 - Portland 0 |
| TOP OF THE 5TH |
|
Erie SeaWolves batting - Pitching for Portland Sea Dogs : RHP Chris Cory
|
|
Batting: RHB Jose Evangelista
|
0-0: Ball 1-0: Foul Ball, location: 2F 1-1: Called Strike 1-2: Foul Ball, location: 2F 1-2: Ball 2-2: Ground out 4-3 (Groundball, 4, EV 85.6 MPH)
|
|
Batting: RHB Willie Ochoa
|
0-0: Called Strike 0-1: Ball 1-1: Called Strike 1-2: Ball 2-2: Strikes out swinging, 2-3 out at first.
|
|
Batting: RHB Mike Sebastian
|
0-0: Fly out, F8 (Flyball, 8RXD, EV 86.9 MPH)
|
| Top of the 5th over - 0 runs, 0 hits, 0 errors, 0 left on base; Erie 1 - Portland 0 |
| BOTTOM OF THE 5TH |
|
Portland Sea Dogs batting - Pitching for Erie SeaWolves : RHP Alex Garrett
|
|
Batting: RHB Miguel Villanueva
|
0-0: Called Strike 0-1: Ball 1-1: Called Strike 1-2: Strikes out swinging
|
|
Batting: SHB Gus Cruz
|
0-0: Bunt missed! 0-1: Reached on error, E4 (Groundball, 4, EV 90.0 MPH)
|
|
Batting: RHB Frank Sokolosky
|
0-0: Ground out 4-3 (Groundball, 4S, EV 88.1 MPH) Gus Cruz to third
|
|
Batting: LHB Dave Reyes
|
0-0: Ball 1-0: Ball 2-0: Foul Ball, location: 2F 2-1: Ball 3-1: Called Strike 3-2: Strikes out swinging
|
| Bottom of the 5th over - 0 runs, 0 hits, 1 error, 1 left on base; Erie 1 - Portland 0 |
| TOP OF THE 6TH |
|
Erie SeaWolves batting - Pitching for Portland Sea Dogs : RHP Chris Cory
|
|
Batting: RHB Eric Angelle
|
0-0: Called Strike 0-1: Ball 1-1: Called Strike 1-2: Ball 2-2: Foul Ball, location: 2F 2-2: Ground out 6-3 (Groundball, 6, EV 102.5 MPH)
|
|
Batting: RHB Tony Soto
|
0-0: Ball 1-0: Ball 2-0: Swinging Strike 2-1: Ground out 4-3 (Groundball, 6, EV 106.2 MPH)
|
|
Batting: RHB John Evancho
|
0-0: Swinging Strike 0-1: Ball 1-1: Ball 2-1: Ball 3-1: Ground out 5-3 (Groundball, 5S, EV 66.9 MPH)
|
| Top of the 6th over - 0 runs, 0 hits, 0 errors, 0 left on base; Erie 1 - Portland 0 |
| BOTTOM OF THE 6TH |
|
Portland Sea Dogs batting - Pitching for Erie SeaWolves : RHP Alex Garrett
|
|
Batting: LHB Sergio Tinoco
|
0-0: Called Strike 0-1: Ground out 6-3 (Groundball, 6, EV 85.0 MPH)
|
|
Batting: RHB Dave Burwell
|
0-0: Ball 1-0: Ball 2-0: Ball 3-0: Called Strike 3-1: Foul Ball, location: 2F 3-2: Foul Ball, location: 2F 3-2: Foul Ball, location: 2F 3-2: SINGLE (Groundball, 56D, EV 102.5 MPH)
|
|
Batting: LHB David Moore
|
0-0: Called Strike 0-1: Called Strike 0-2: Ball 1-2: Ball 2-2: Reached on error, E6 (Groundball, 6MS, EV 91.9 MPH) Dave Burwell to second
|
|
Pinch Hitting: LHB Parker Lowe
|
0-0: Ball 1-0: Ball 2-0: Foul Ball, location: 2F 2-1: Ball Dave Burwell steals 3rd base 3-1: Base on Balls David Moore to second
|
|
Batting: RHB Alex Melendez
|
0-0: Called Strike 0-1: Ball 1-1: Called Strike 1-2: Foul Ball, location: 2F 1-2: Ball 2-2: GRAND SLAM HOME RUN (Flyball, 78XD, EV 105.6 MPH), Distance : 420 ft
|
|
Batting: RHB Miguel Villanueva
|
0-0: Ball 1-0: Called Strike 1-1: Called Strike 1-2: Ball 2-2: Strikes out looking
|
|
Batting: SHB Gus Cruz
|
0-0: Foul Ball, location: 2F 0-1: Ball 1-1: SINGLE (Groundball, 34D, EV 100.0 MPH)
|
|
Batting: RHB Frank Sokolosky
|
0-0: Ball 1-0: Called Strike 1-1: Fly out, F3 (Popup, 3F, EV 78.8 MPH)
|
| Bottom of the 6th over - 4 runs, 3 hits, 1 error, 1 left on base; Erie 1 - Portland 4 |
| TOP OF THE 7TH |
|
Erie SeaWolves batting - Pitching for Portland Sea Dogs : RHP Chris Cory
|
|
Pitching: RHP Joseph Anderson
|
|
|
Now at 3B: Mike Batko
|
|
|
Batting: RHB Adam MacConnell
|
0-0: Ball 1-0: Ball 2-0: DOUBLE (Flyball, 78XD, EV 104.4 MPH)
|
|
Batting: LHB Nick Nino
|
0-0: Ball 1-0: Ground out 6-3 (Groundball, 6S, EV 65.6 MPH) Adam MacConnell to third
|
|
Batting: RHB Tanner Purchase
|
0-0: Swinging Strike 0-1: Called Strike 0-2: Foul Ball, location: 2F 0-2: Ball 1-2: Ball 2-2: Strikes out looking
|
|
Batting: RHB Jose Evangelista
|
0-0: Ball 1-0: Ball 2-0: Ball 3-0: Base on Balls
|
|
Batting: RHB Willie Ochoa
|
0-0: Ball 1-0: Ball 2-0: Swinging Strike 2-1: Ground out 6-3 (Groundball, P, EV 90.0 MPH)
|
| Top of the 7th over - 0 runs, 1 hit, 0 errors, 2 left on base; Erie 1 - Portland 4 |
| BOTTOM OF THE 7TH |
|
Portland Sea Dogs batting - Pitching for Erie SeaWolves : RHP Alex Garrett
|
|
Batting: LHB Dave Reyes
|
0-0: Fly out, F9 (Line Drive, 89M, EV 106.2 MPH)
|
|
Batting: LHB Sergio Tinoco
|
0-0: Ball 1-0: Foul Ball, location: 2F 1-1: Foul Ball, location: 2F 1-2: Ball 2-2: Strikes out swinging
|
|
Batting: RHB Dave Burwell
|
0-0: Ball 1-0: Ball 2-0: Foul Ball, location: 2F 2-1: Foul Ball, location: 2F 2-2: Hit by Pitch
|
|
Pitching: RHP Juan Cornejo
|
|
|
Batting: LHB David Moore
|
0-0: Ball 1-0: Swinging Strike 1-1: Swinging Strike 1-2: Ground out 4-3 (Groundball, 4, EV 81.9 MPH)
|
| Bottom of the 7th over - 0 runs, 0 hits, 0 errors, 1 left on base; Erie 1 - Portland 4 |
| TOP OF THE 8TH |
|
Erie SeaWolves batting - Pitching for Portland Sea Dogs : RHP Joseph Anderson
|
|
Pitching: RHP Elliot Monroe
|
|
|
Batting: RHB Mike Sebastian
|
0-0: Ball 1-0: Foul Ball, location: 2F 1-1: Foul Ball, location: 2F 1-2: Foul Ball, location: 2F 1-2: Ball 2-2: Strikes out swinging
|
|
Batting: RHB Eric Angelle
|
0-0: Ground out 5-3 (Groundball, 56, EV 87.5 MPH)
|
|
Batting: RHB Tony Soto
|
0-0: Ball 1-0: Ball 2-0: Swinging Strike 2-1: Foul Ball, location: 2F 2-2: Strikes out looking
|
| Top of the 8th over - 0 runs, 0 hits, 0 errors, 0 left on base; Erie 1 - Portland 4 |
| BOTTOM OF THE 8TH |
|
Portland Sea Dogs batting - Pitching for Erie SeaWolves : RHP Juan Cornejo
|
|
Batting: RHB Mike Batko
|
0-0: Ball 1-0: Ball 2-0: Called Strike 2-1: Foul Ball, location: 2F 2-2: Ground out 5-3 (Groundball, 56S, EV 82.5 MPH)
|
|
Batting: RHB Alex Melendez
|
0-0: Ball 1-0: Fly out, F8 (Flyball, 89D, EV 85.6 MPH)
|
|
Batting: RHB Miguel Villanueva
|
0-0: Ball 1-0: Ball 2-0: Ball 3-0: Base on Balls
|
|
Batting: SHB Gus Cruz
|
0-0: Called Strike 0-1: Swinging Strike 0-2: Strikes out swinging
|
| Bottom of the 8th over - 0 runs, 0 hits, 0 errors, 1 left on base; Erie 1 - Portland 4 |
| TOP OF THE 9TH |
|
Erie SeaWolves batting - Pitching for Portland Sea Dogs : RHP Elliot Monroe
|
|
Pitching: RHP Aaron Brannon
|
|
|
Batting: RHB John Evancho
|
0-0: Ball 1-0: Ball 2-0: Called Strike 2-1: Foul Ball, location: 2F 2-2: Foul Ball, location: 2F 2-2: Strikes out swinging
|
|
Batting: RHB Adam MacConnell
|
0-0: Ball 1-0: Foul Ball, location: 2F 1-1: Swinging Strike 1-2: Ball 2-2: Strikes out looking
|
|
Batting: LHB Nick Nino
|
0-0: Swinging Strike 0-1: Swinging Strike 0-2: Foul Ball, location: 2F 0-2: Strikes out swinging
|
| Top of the 9th over - 0 runs, 0 hits, 0 errors, 0 left on base; Erie 1 - Portland 4 |
|